 Dungeon Crawl Stone Soup version 0.23-a0-519-ga799fc4 (webtiles) character file.

9 tidbits the Caller (level 2, 2/20 HPs)
             Began as a Gnoll Summoner on Dec 6, 2018.
             Quit the game on level 2 of the Dungeon.
             The game lasted 00:01:06 (74 turns).

tidbits the Caller (Gnoll Summoner)                   Turns: 74, Time: 00:01:07

Health: 2/20       AC:  2    Str: 10    XL:     2   Next: 16%
Magic:  2/7        EV: 14    Int: 17    God:
Gold:   7          SH:  0    Dex: 15    Spells: 9/10 levels left

rFire    . . .     SeeInvis .   (no weapon)
rCold    . . .     Gourm    .   (no shield)
rNeg     . . .     Faith    .   a - +0 robe
rPois    +         Spirit   .   (no helmet)
rElec    .         Reflect  .   (no cloak)
rCorr    .         Harm     .   (no gloves)
MR       .....                  (no boots)
Stlth    +++.......             (no amulet)
HPRegen  0.06/turn              P - ring of poison resistance
MPRegen  0.10/turn              (no ring)

@: lethally poisoned (2 -> -1)
A: distributed training, fangs 1, strong nose
a: no special abilities


You were on level 2 of the Dungeon.
You were not hungry.

You visited 1 branch of the dungeon, and saw 2 of its levels.

You collected 7 gold pieces.

Inventory:

Armour
 a - a +0 robe (worn)
Jewellery
 P - a ring of poison resistance (left hand)
   (You found it on level 2 of the Dungeon)
Scrolls
 b - a scroll of immolation {unknown}
Comestibles
 c - 2 rations


   Skills:
 + Level 0.3 Fighting
 + Level 0.3 Short Blades
 + Level 0.3 Long Blades
 + Level 0.3 Axes
 + Level 0.3 Maces & Flails
 + Level 0.3 Polearms
 + Level 0.3 Staves
 + Level 0.3 Slings
 + Level 0.3 Bows
 + Level 0.3 Crossbows
 + Level 0.3 Throwing
 + Level 0.3 Armour
 + Level 4.4 Dodging
 + Level 4.0 Stealth
 + Level 0.3 Shields
 + Level 0.3 Unarmed Combat
 + Level 4.9 Spellcasting
 + Level 0.2 Conjurations
 + Level 0.2 Hexes
 + Level 0.2 Charms
 + Level 7.0 Summonings
 + Level 0.2 Necromancy
 + Level 0.2 Translocations
 + Level 0.2 Transmutations
 + Level 0.2 Fire Magic
 + Level 0.2 Ice Magic
 + Level 0.2 Air Magic
 + Level 0.2 Earth Magic
 + Level 0.2 Poison Magic
 + Level 0.4 Invocations
 + Level 0.3 Evocations


You had 9 spell levels left.
You knew the following spells:

 Your Spells              Type           Power        Failure   Level  Hunger
a - Summon Small Mammal   Summ           ####         1%          1    None

Your spell library contained the following spells:

 Spells                   Type           Power        Failure   Level  Hunger
 Call Imp                 Summ           ####....     1%          2    #......
 Call Canine Familiar     Summ           ####....     2%          3    ###....
 Summon Guardian Golem    Hex/Summ       ###.....     10%         3    ###....
 Summon Ice Beast         Ice/Summ       ###.....     32%         4    ####...
 Summon Lightning Spire   Summ/Air       ###.....     32%         4    ####...


Dungeon Overview and Level Annotations

Branches:
Dungeon (2/15)

Altars:


Innate Abilities, Weirdness & Mutations

Your experience applies equally to all skills.
You have very sharp teeth.
Your uncanny sense of smell can sniff out nearby items.


Message History

The adder poisons your quokka!
The hobgoblin hits you but does no damage.
You barely miss the hobgoblin.
The hobgoblin is lightly wounded.
Your quokka closely misses the adder.
Your quokka barely misses the hobgoblin.
The frilled lizard barely misses your quokka.
Your quokka bites the hobgoblin.
The adder bites your quokka.
Your quokka dies!
Your quokka's corpse disappears in a puff of smoke!
The kobold hits your quokka.
You hit the hobgoblin but do no damage.
The hobgoblin is heavily wounded.
The hobgoblin closely misses you.
Your quokka barely misses the hobgoblin.
Your quokka bites the hobgoblin.
The frilled lizard bites your quokka.
The kobold hits your quokka but does no damage.
Unknown command.
You hit the hobgoblin.
You kill the hobgoblin!
Your quokka closely misses the frilled lizard.
Casting: Summon Small Mammal (safe; 1% risk of failure)
Confirm with . or Enter, or press ? or * to list all spells.
The frilled lizard barely misses your quokka.
Your quokka misses the frilled lizard.
The frilled lizard closely misses your quokka.
Your quokka closely misses the frilled lizard.
Your quokka bites the frilled lizard.
The frilled lizard misses your quokka. What are your orders? t - Bark!
Orders for allies: a - Attack new target. r - Retreat! s - Stop attacking. g - Guard the area. f - Follow me.
Anything else - Cancel.
Gang up on whom?
Press: ? - help, Dir - move target cursor, f - frilled lizard
Aim: a frilled lizard (heavily wounded) Attack!
Your quokka bites the frilled lizard.
The frilled lizard dies!
Something closely misses your quokka. The kobold hits your quokka.
Your quokka dies!
Your quokka's corpse disappears in a puff of smoke!
Unknown command.
Casting: Summon Small Mammal (safe; 1% risk of failure)
Confirm with . or Enter, or press ? or * to list all spells.
Your bat hits the kobold but does no damage.
Something closely misses your bat. The kobold closely misses your bat.
Something closely misses your quokka.
Your quokka closely misses the kobold.
The kobold hits your quokka but does no damage.
What are your orders? t - Bark!
Orders for allies: a - Attack new target. r - Retreat! s - Stop attacking. g - Guard the area. f - Follow me.
Anything else - Cancel.
Gang up on whom?
Press: ? - help, Dir - move target cursor, f - kobold
Aim: a kobold Attack!
The adder bites something.
The adder poisons something!
Your bat hits the kobold but does no damage.
Your rat bites the kobold.
Your bat hits the kobold but does no damage.
Your bat closely misses the kobold.
Your quokka barely misses the kobold.
Your rat barely misses the kobold.
The kobold closely misses your rat.
Unknown command.
Your quokka dies!
Your quokka's corpse disappears in a puff of smoke!
Your bat barely misses the kobold.
Your rat closely misses the kobold.
Unknown command.
You closely miss the kobold.
The kobold is severely wounded.
Your bat hits the kobold but does no damage.
Your bat closely misses the kobold.
Your bat hits the kobold but does no damage.
Your rat bites the kobold.
The kobold dies!
You closely miss the adder.
Your bat closely misses the adder.
The adder bites you.
You are poisoned.
The adder poisons you!
Your rat closely misses the adder.
Casting: Summon Small Mammal (safe; 1% risk of failure)
Confirm with . or Enter, or press ? or * to list all spells.
You feel sick.
Your bat hits the adder. The adder bites you.
* * * LOW HITPOINT WARNING * * *
Your rat misses the adder. Your bat misses the adder. The adder misses you.
Your rat bites the adder.
You aren't carrying any potions.
Unknown command.
You hit the adder but do no damage.
The adder is moderately wounded.
Your bat closely misses the adder.
The adder barely misses you.
Your bat barely misses the adder.
The adder bites you.
* * * LOW HITPOINT WARNING * * *
Your rat bites the adder.
You closely miss the adder.
The adder is moderately wounded.
* * * LOW HITPOINT WARNING * * *
You feel sick.
Your bat hits the adder.
Your bat closely misses the adder.
The adder misses you.
Your bat misses the adder.
Your rat bites the adder.
Are you sure you want to abandon this character and quit the game? (Confirm

#. .#.# # #.# .#.#
.##.# .#.## .......#.##
###.##.###.## #.....##
##.######
.#####.#....###.#.....#
...!...#r.#..#.##.....#
.......(S@#.<.)......##
>......##b#.##.##....#
.#.###...r.....##....#
####......#######
###.#### #.# #.# #.# ∆


You could see an adder, a friendly quokka, a friendly bat and a friendly rat.

Vanquished Creatures
  A hobgoblin (D:2)
1 creature vanquished.

Vanquished Creatures (collateral kills)
  An adder (D:2)
  2 goblins (D:2)
  2 frilled lizards (D:2)
  A kobold (D:2)
6 creatures vanquished.

Grand Total: 7 creatures vanquished

Notes
Turn   | Place    | Note
-------+----------+-------------------------------------------
     0 | D:1      | tidbits the Gnoll Summoner began the quest for the Orb.
     0 | D:1      | Reached XP level 1. HP: 13/13 MP: 6/6
    10 | D:1      | You fall through a shaft!
    52 | D:2      | Reached XP level 2. HP: 11/19 MP: 4/7
    73 | D:2      | HP: 2/20 [poisoned by an adder]
    74 | D:2      | Quit the game

Vault maps used:
D:1:      dpeg_arrival_arbitrary_c
D:2:      tgw_trog, gammafunk_temple_overflow_statue,
          chequers_serial_rivers_micro_b

Action                   || total
-------------------------++-------
Melee: Unarmed           ||    12
 Cast: Summon Small Mamm ||     9
 Stab: Sleeping          ||     1
Dodge: Dodged            ||    10

Table legend:
 A = Non-vault XP
 B = Vault XP
 C = Vault XP percentage of total XP
 D = Non-vault monster count
 E = Vault monster count
 F = Vault count percentage of total count
                 A         B        C        D         E       F
            +---------+---------+-------+---------+---------+-------
      Total |      14 |       0 |   0.0 |       7 |       0 |   0.0
            +---------+---------+-------+---------+---------+-------
        D:2 |      14 |       0 |   0.0 |       7 |       0 |   0.0
            +---------+---------+-------+---------+---------+-------

Table legend:
 A = Turns spent in this place as a percentage of turns spent in the entire game.
 B = Non-inter-level travel turns spent in this place as a percentage of non-inter-level travel turns spent in the entire game.
 C = Inter-level travel turns spent in this place as a percentage of turns spent in this place.
 D = Turns resting spent in this place as a percentage of non-inter-level travel turns spent in this place.
 E = Turns spent auto-exploring this place as a percentage of non-inter-level travel turns spent in this place.
 F = Non-inter-level travel turns spent in this place divided by the number of levels of this place that you've seen.
                   A       B       C       D       E      F
               +-------+-------+-------+-------+-------+----------------------
         Total | 100.0 | 100.0 |   0.0 |   0.0 |   0.0 |  37.0
       Dungeon | 100.0 | 100.0 |   0.0 |   0.0 |   0.0 |  37.0
               +-------+-------+-------+-------+-------+----------------------

Table legend:
 A = Kills in this place as a percentage of kills in entire the game.
 B = Kills by you in this place as a percentage of kills by you in the entire game.
 C = Kills by friends in this place as a percentage of kills by friends in the entire game.
 D = Other kills in this place as a percentage of other kills in the entire game.
 E = Experience gained in this place as a percentage of experience gained in the entire game.
 F = Experience gained in this place divided by the number of levels of this place that you have seen.
                   A       B       C       D       E      F
               +-------+-------+-------+-------+-------+----------------------
         Total | 100.0 | 100.0 | 100.0 |   N/A | 100.0 |   7.0
       Dungeon | 100.0 | 100.0 | 100.0 |   N/A | 100.0 |   7.0
               +-------+-------+-------+-------+-------+----------------------

Vault maps used:
D:1:      dpeg_arrival_arbitrary_c
D:2:      tgw_trog, gammafunk_temple_overflow_statue,
          chequers_serial_rivers_micro_b
